Map: Ulrena

Players

Jhyrachy - Winner!

  • Race: Zerg Zerg
  • League: Silver

mutaling

  • Race: Zerg Zerg
  • League: Gold

VOD

Have the link to the VOD?

Description

Time

  • Played on: Dec. 20, 2015, 7:34 a.m.
  • Length: 5:04
Show
View Real Time Build Order
Export as new Build Order

Jhyrachy Zerg - Winner!

Build Orders: Hatch First 

Get SALT Encoding   

  12  0:02  Drone  
  13  0:09  Drone  
  14  0:16  Extractor  
  14  0:18  Extractor  
  12  0:23  Drone x2  
  16  0:32  Overlord  
  16  0:52  Drone  
  17  1:03  Hatchery  
  16  1:04  Extractor  
  16  1:05  Drone  
  16  1:17  Spawning Pool  
  15  1:19  Drone  
  16  1:39  Drone x2  
  18  1:40  Overlord  
  18  2:09  Queen  
  18  2:14  Metabolic Boost  
  20  2:16  Zergling x6  
  20  2:18  Queen  
  25  2:28  Zergling x2  
  25  2:29  Zergling x2  
  27  3:15  Zergling x12  
  30  3:40  Zergling x14  
  34  4:09  Zergling x2  
  35  4:14  Overlord x2  
  35  4:15  Overlord x2  
  31  4:41  Zergling x22  
  31  4:42  Zergling x2  
Show
View Real Time Build Order
Export as new Build Order

mutaling Zerg 

Build Orders: Pool First 

Get SALT Encoding   

  12  0:01  Drone  
  13  0:11  Drone  
  14  0:21  Overlord  
  14  0:41  Spawning Pool, Drone x2  
  15  0:44  Extractor  
  14  0:54  Drone x2  
  16  1:10  Drone  
  17  1:36  Queen  
  17  1:37  Drone x3  
  22  1:45  Spine Crawler  
  21  1:49  Drone  
  23  2:05  Overlord  
  23  2:17  Spine Crawler  
  23  2:21  Overlord x2  
  22  2:23  Metabolic Boost  
  22  2:39  Hatchery  
  22  2:44  Zergling x2  
  22  2:45  Zergling x2  
  22  2:50  Zergling x6  
  27  2:55  Drone, Evolution Chamber  
  27  3:10  Zergling x2  
  25  3:20  Zergling x8  
  27  3:32  Zergling x2  
  27  3:47  Zergling x2  
  28  3:51  Zergling x6  
  25  4:11  Zergling x4  
  25  4:12  Zergling x4  
  25  4:13  Zergling x2  
  30  4:18  Roach Warren  
  27  4:33  Zergling x10  
  27  4:45  Zergling x2  
  26  4:46  Hatchery  
Tags
 
Add a new tag
Caveats
  • Supply blocks, unpowered buildings, or Contaminate may cause inaccurate times.
  • Supply counts are checked every 10 seconds.